 Dungeon Crawl Stone Soup version 0.24.0-35-gdb84b6a5db (webtiles) character file.

Game seed: 1763475509934579932, levelgen mode: deterministic

13555 PentaManta the Blocker (level 12, -6/108 HPs)
             Began as an Octopode Fighter on Nov 17, 2019.
             Was a Follower of Uskayaw.
             Mangled by an ice devil (14 damage)
             ... summoned by an obsidian statue
             ... in a Gauntlet.
             The game lasted 00:40:23 (11666 turns).

PentaManta the Blocker (Octopode Fighter)          Turns: 11666, Time: 00:40:23

Health: -6/108     AC: 29    Str: 16    XL:     12   Next: 7%
Magic:  4/12       EV:  2    Int: 10    God:    Uskayaw [*.....]
Gold:   612        SH: 20    Dex: 16    Spells: 11/11 levels left

rFire    + + .     SeeInvis .   D - +2 short sword (elec)
rCold    . . .     Gourm    .   i - +2 large shield
rNeg     + + +     Faith    .   (helmet currently unavailable)
rPois    +         Spirit   .   (no amulet)
rElec    .         Reflect  .   m - ring of protection from cold
rCorr    .         Harm     .   q - ring of protection from magic
MR       +....     NoTele   +   t - ring of protection from fire
Stlth    +++++.....             O - ring of fire
HPRegen  0.28/turn              B - +2 ring of evasion
MPRegen  0.13/turn              K - +3 ring of evasion
                                S - +1 ring of evasion
                                w - +3 ring of protection

@: tree-form (expiring), mesmerised
A: almost no armour, stealthy swim, (amphibious), 8 rings, (constrict 8)
a: Stomp, Renounce Religion


You were in a Gauntlet.
You worshipped Uskayaw.
Uskayaw was noncommittal.
You were not hungry.
You were a tree.
You visited 2 branches of the dungeon, and saw 12 of its levels.
You also visited: Sewer and Gauntlet.

You collected 612 gold pieces.

Inventory:

Hand Weapons
 v - the +8 longbow "Zephyr" {speed, Dex+3 SInv}
   (You found it in a Gauntlet)

   Attacks with this weapon are significantly faster.
   It affects your dexterity (+3).
   It lets you see invisible.
 D - a +2 short sword of electrocution (weapon)
 E - a +3 antimagic dagger
 G - a +0 dagger of venom
Missiles
 F - 54 poisoned darts (quivered)
 L - 6 datura-tipped darts
Armour
 b - a +1 shield
 i - a +2 large shield (worn)
 P - a +0 hat (melded)
Jewellery
 f - a +6 ring of intelligence
 m - a ring of protection from cold (left branch)
 q - a ring of protection from magic (right branch)
 t - a ring of protection from fire (on tentacle)
 w - a +3 ring of protection (on tentacle)
 y - an uncursed ring of ice
 B - a +2 ring of evasion (on tentacle)
 K - a +3 ring of evasion (on tentacle)
 N - an uncursed ring of protection from cold
 O - a ring of fire (on tentacle)
 S - a +1 ring of evasion (on tentacle)
Wands
 l - a wand of random effects (17)
 u - a wand of paralysis (11)
 I - a wand of polymorph (14)
Scrolls
 g - 3 scrolls of remove curse
 j - 5 scrolls of teleportation
 k - a scroll of enchant weapon
 n - 3 scrolls of enchant armour
 A - 4 scrolls of amnesia
 M - 3 scrolls of magic mapping
 Q - 4 scrolls of blinking
Potions
 a - a potion of cancellation
 c - a potion of might
 e - a potion of ambrosia
 h - 3 potions of agility
 r - 3 potions of flight
 s - 2 potions of brilliance
 z - 2 potions of magic
 C - 3 potions of berserk rage
 H - a potion of mutation
Comestibles
 d - 19 rations


   Skills:
 - Level 3.0 Fighting
 + Level 8.6 Short Blades
 + Level 10.0 Dodging
 + Level 11.5 Stealth
 * Level 12.0 Shields


You had 11 spell levels left.
You didn't know any spells.
Your spell library contained the following spells:

 Spells                   Type           Power        Failure   Level  Hunger
 Corona                   Hex            #......      90%         1    ##.....
 Ensorcelled Hibernation  Hex/Ice        #.....       97%         2    ###....
 Confuse                  Hex            #.......     99%         3    ####...
 Dazzling Spray           Conj/Hex       #.....       99%         3    ####...
 Tukima's Dance           Hex            #.......     99%         3    ####...


Dungeon Overview and Level Annotations

Branches:
Dungeon (11/15)            Temple (1/1) D:7            Lair (0/6) D:10
  Sewer (visited)         Gauntlet (1/1)
    Orc: D:9-12

Altars:
Ashenzari
Cheibriados
Dithmenos
Elyvilon
Fedhas
Gozag
Hepliaklqana
Kikubaaqudgha
Makhleb
Nemelex Xobeh
Okawaru
Qazlal
Ru
Sif Muna
Trog
Uskayaw
Vehumet
Wu Jian
Xom
Yredelemnul
Zin
The Shining One

Shops:
D:6 [   D:8 ((   D:9 [

Portals:
Trove: D:10 (give 16 scrolls of teleportation)

Annotations:
D:3 1 runed translucent door, Curus's ghost, amateur DrBe Gauntlet 9 transporters, 1 runed translucent door, exclusion: obsidian statue


Innate Abilities, Weirdness & Mutations

You cannot wear most types of armour.
You are very stealthy in the water. (Stealth+)
((You are amphibious.))
You can wear up to eight rings at the same time.
((You can use your tentacles to constrict eight enemies at once.))
((Your skin changes colour to match your surroundings (Stealth+).))
((Your rubbery body absorbs attacks. (AC +1, EV +1)))


Message History

You are engulfed in flames.
You resist.
* * * LOW HITPOINT WARNING * * *
Okay, then.
As you read the scroll of fear, it crumbles to dust.
You assume a fearsome visage.
The sixfirhy is unaffected.
The sun demon is unaffected.
The crimson imp is unaffected.
The ufetubus is unaffected.
The ice devil is unaffected.
The ufetubus is unaffected.
The obsidian statue is unaffected.
The sixfirhy hits you but does no damage.
The sixfirhy hits you.
* * * LOW HITPOINT WARNING * * *
The sixfirhy shocks you!
* * * LOW HITPOINT WARNING * * *
You block the sixfirhy's attack. You block the ufetubus's attack.
The ufetubus hits you but does no damage.
The sixfirhy hits you but does no damage.
You block the sun demon's attack. The ice devil hits you.
* * * LOW HITPOINT WARNING * * *
The ice devil freezes you!
You die...

.##.©.#.....#########...≈≈≈≈≈.#.#
......#..∩............♣P#≈#≈#.#©#
.##.©.#.....#########...≈≈≈≈≈.#.#
#...#.....###...###..P#≈#≈#.#.#
.##.©.#.P...###...###.....PP..#.#
......#.♣P..##/##+..###..P♣...#.#
.##.♣.#...P.#©=#©#..#©#.......#.#
#...##..♣.##.4##5.#.#########.#
#.♣. ##.P.###3♣5###.#.......#.#
#...##≈...###583###.#.#.#.⌠.#.# #
# #≈≈...#########.#..P.P..#.#
##≈.♣.........#©#©#.©)8.#©#
##.P.#########.#..P.P..###
##≈...#..s#sys#.#|#.#.8.#..
#≈≈...#[#.#.#.#.#.......#..
##≈.♣.#?#.#.#.#.#########..
##...#©##©##.#©#.........#


You could see an obsidian statue, a wolf spider, a sun demon, a moth of wrath,
an ice devil, a sixfirhy, 2 redbacks, a crimson imp and 2 ufetubi.

Vanquished Creatures
  Gastronok (D:8)
  A hydra (D:10)
  A catoblepas (Gauntlet)
  5 death yaks
  A gargoyle (Gauntlet)
  A smoke demon (Gauntlet)
  A guardian mummy (D:10)
  A red devil (Gauntlet)
  A hornet (D:10)
  2 dream sheep (D:10)
  2 hippogriffs
  2 yaks (D:10)
  A hungry ghost (D:10)
  4 ice beasts
  2 sky beasts
  4 ogres
  A black bear (D:10)
  2 eyes of draining (D:5)
  2 orc warriors
  A phantom (D:10)
  3 necrophages
  4 centaurs
  3 big kobolds (D:10)
  11 bullfrogs
  A wyvern zombie (D:8)
  5 scorpions
  5 wights (D:7)
  5 howler monkeys
  9 crimson imps
  5 hounds
  2 jellies
  A bullfrog skeleton (D:5)
  7 orc priests
  A centaur skeleton (D:4)
  A gnoll shaman (D:9)
  5 orc wizards
  Jessica (D:2)
  An iguana (D:4)
  8 worker ants
  2 hound skeletons
  2 worker ant zombies (D:9)
  A howler monkey skeleton (D:4)
  9 gnolls
  16 adders
  A river rat (D:4)
  A shadow imp (D:5)
  5 oozes
  An adder zombie (D:8)
  2 adder skeletons
  7 worms
  2 dart slugs
  14 leopard geckos
  29 orcs
  13 giant cockroaches
  9 goblins
  8 hobgoblins
  7 jackals
  3 quokkas
  2 ball pythons
  17 bats
  3 frilled lizards
  3 kobolds
  3 leopard gecko skeletons
  A quokka skeleton (D:8)
  8 rats
283 creatures vanquished.

Vanquished Creatures (others)
  A plant (Gauntlet)
1 creature vanquished.

Grand Total: 284 creatures vanquished

Notes
Turn   | Place    | Note
-------+----------+-------------------------------------------
     0 | D:1      | PentaManta the Octopode Fighter began the quest for the
                  | Orb.
     0 | D:1      | Reached XP level 1. HP: 16/16 MP: 1/1
   172 | D:1      | Reached XP level 2. HP: 21/21 MP: 2/2
   254 | D:1      | Reached skill level 1 in Stealth
   633 | D:1      | Reached XP level 3. HP: 26/26 MP: 3/3
   756 | D:2      | Noticed Jessica
   835 | D:2      | Found a faded altar of an unknown god.
  1157 | D:2      | Reached XP level 4. HP: 31/31 MP: 4/4
  1183 | D:2      | Killed Jessica
  1786 | D:2      | Reached skill level 4 in Shields
  1786 | D:2      | Reached XP level 5. HP: 36/36 MP: 5/5
  2392 | D:3      | Found a runed translucent door.
  2395 | D:3      | Noticed Curus's ghost (amateur DrBe)
  2675 | D:3      | Reached XP level 6. HP: 38/42 MP: 6/6
  3034 | D:4      | Found a shadowy altar of Dithmenos.
  3243 | D:4      | Found a glowing drain.
  3257 | Sewer    | Entered a sewer
  3549 | Sewer    | Reached skill level 5 in Dodging
  3733 | Sewer    | Reached skill level 5 in Shields
  3736 | Sewer    | Reached XP level 7. HP: 37/46 MP: 7/7
  3971 | D:4      | Found a snail-covered altar of Cheibriados.
  4507 | D:5      | Entered Level 5 of the Dungeon
  4829 | D:5      | Reached XP level 8. HP: 36/52 MP: 8/8
  4896 | D:5      | Reached skill level 6 in Shields
  4988 | D:5      | Reached skill level 5 in Stealth
  5026 | D:5      | Found a bloodstained altar of Trog.
  5184 | D:5      | Found an ornate altar of the Wu Jian Council.
  5243 | D:5      | Found a shimmering blue altar of Sif Muna.
  5296 | D:6      | Found an ancient bone altar of Kikubaaqudgha.
  5358 | D:6      | Found an opulent altar of Gozag.
  5382 | D:6      | Found Yhuum's Antique Armour Shoppe.
  5470 | D:6      | Found a burning altar of Makhleb.
  5589 | D:6      | Found a blossoming altar of Fedhas.
  5604 | D:6      | Reached skill level 7 in Shields
  5706 | D:6      | Reached XP level 9. HP: 48/56 MP: 3/9
  5840 | D:6      | Reached skill level 5 in Short Blades
  6167 | D:7      | Found a white marble altar of Elyvilon.
  6232 | D:7      | Found a glowing golden altar of the Shining One.
  6271 | D:7      | Found a glowing silver altar of Zin.
  6288 | D:7      | Found a staircase to the Ecumenical Temple.
  6371 | D:7      | Reached skill level 8 in Shields
  6390 | Temple   | Entered the Ecumenical Temple
  6509 | Temple   | Became a worshipper of Uskayaw the Reveler
  6541 | D:7      | Reached * piety under Uskayaw
  6543 | D:7      | Reached ** piety under Uskayaw
  6545 | D:7      | Reached *** piety under Uskayaw
  6988 | D:8      | Found Qudduqi's Weapon Shoppe.
  7042 | D:8      | Reached XP level 10. HP: 63/63 MP: 3/10
  7104 | D:8      | Reached skill level 9 in Shields
  7139 | D:8      | Noticed Gastronok
  7182 | D:8      | Found a hazy altar of Hepliaklqana.
  7316 | D:8      | Found Lipsok's Antique Weapon Emporium.
  7638 | D:8      | Killed Gastronok
  7692 | D:9      | Reached skill level 10 in Shields
  7758 | D:9      | Reached **** piety under Uskayaw
  8135 | D:9      | Found Hoabut's Armour Emporium.
  8657 | D:10     | Entered Level 10 of the Dungeon
  8725 | D:10     | Reached XP level 11. HP: 67/67 MP: 3/11
  8786 | D:10     | Reached skill level 10 in Stealth
  8802 | D:10     | Reached ***** piety under Uskayaw
  8882 | D:10     | Noticed a three-headed hydra
  9223 | D:10     | Killed a three-headed hydra
  9353 | D:10     | Noticed a death yak
  9537 | D:10     | Reached skill level 11 in Shields
  9818 | D:10     | Noticed a death yak
  9819 | D:10     | Noticed a death yak
  9830 | D:10     | Found a staircase to the Lair.
  9833 | D:10     | Noticed a death yak
  9834 | D:10     | Noticed a death yak
  9846 | D:9      | Killed a death yak
 10034 | D:10     | Killed a death yak
 10036 | D:10     | Killed a death yak
 10066 | D:9      | Killed a death yak
 10325 | D:10     | Killed a death yak
 10609 | D:10     | Found a portal to a secret trove of treasure.
 11049 | D:11     | Found a gate leading to a gauntlet.
 11055 | Gauntlet | Entered a Gauntlet
 11055 | Gauntlet | Found a transporter.
 11059 | Gauntlet | Found a transporter.
 11060 | Gauntlet | Found a transporter.
 11074 | Gauntlet | Found a transporter.
 11074 | Gauntlet | Noticed a catoblepas
 11075 | Gauntlet | Found the +8 longbow "Zephyr" {speed, Dex+3 SInv}
 11076 | Gauntlet | Found a transporter.
 11078 | Gauntlet | Noticed a wolf spider
 11084 | Gauntlet | Noticed a moth of wrath
 11087 | Gauntlet | Found a transporter.
 11105 | Gauntlet | Found a runed translucent door.
 11106 | Gauntlet | Found a transporter.
 11106 | Gauntlet | Noticed an obsidian statue
 11116 | Gauntlet | Found a transporter.
 11126 | Gauntlet | Found a transporter.
 11128 | Gauntlet | Noticed a wizard
 11132 | Gauntlet | Noticed a wizard
 11145 | Gauntlet | Noticed a death drake
 11146 | Gauntlet | Found a transporter.
 11161 | Gauntlet | Found a transporter.
 11161 | Gauntlet | Found a transporter.
 11214 | Gauntlet | Found a transporter.
 11223 | Gauntlet | Found a runed translucent door.
 11228 | Gauntlet | Found a transporter.
 11597 | Gauntlet | Reached skill level 10 in Dodging
 11597 | Gauntlet | Reached XP level 12. HP: 63/72 MP: 12/12
 11601 | Gauntlet | Killed a catoblepas
 11601 | Gauntlet | Reached skill level 12 in Shields
 11634 | Gauntlet | Noticed a sun demon
 11666 | Gauntlet | Mangled by an ice devil

Levels and vault maps discovered:
D:1:      onia_arrival_larder, layout_basic, feat_on_display
D:2:      layout_rooms, chequers_ecumenical_altar_simple, uniq_jessica
D:3:      layout_loops_ring, ebering_ghost_reflecting_pool
D:4:      layout_basic, cheibriados_altar_1, nicolae_overflow_hidden_temple,
          first_ration, cheibrodos_sewer_entry_sluice
D:5:      layout_loops_ring, trog_eyes_of_draining, kennysheep_little_box,
          lemuel_crystal_altar
D:6:      layout_basic, fedhas_ov_isle_minmay, grunt_temple_overflow_open,
          kiku_gazebo_pond_becter, serial_shops, shop_statue
D:7:      layout_rooms, overflow_temple_1_default, lemuel_doored_altar,
          kennysheep_mini_moat, minmay_temple_entry_tees
D:8:      layout_loops_cross, kennysheep_mini, serial_shops, nicolae_shop_stone,
          shop, kennysheep_generic_room_5, uniq_gastronok
D:9:      layout_long_grid, serial_shops, shop
D:10:     layout_grid_maze, dpeg_lair_monsters,
          nicolae_trove_entry_path_of_doom, hangedman_ranch
          [blue_anna_fruit_fields], lemuel_flame_loot_1
D:11:     layout_long_grid, gauntlet_entry_generic, nemelex_diamond_rough_becter
Temple:   nicolae_temple_figure_zero
Gauntlet: minmay_gauntlet_77_tree [minmay_gauntlet_arena_77_fan,
          minmay_gauntlet_arena_77_museum, minmay_gauntlet_arena_77_checkered,
          minmay_gauntlet_arena_77_two_paths, minmay_gauntlet_arena_77_cramped,
          minmay_gauntlet_arena_77_hold_the_fort, minmay_gauntlet_arena_77_mess,
          gauntlet_exit_hidden_loot]

Skill      XL: |  1  2  3  4  5  6  7  8  9 10 11 12 |
---------------+-------------------------------------+-----
Stealth        | 1 2 3 4 6 8 9 11 | 11.5
Dodging        | 4 5 7 8 9 10 | 10.0
Shields        | 4 5 7 8 10 11 12 | 12.0
Short Blades   | 3 4 6 7 8 |  8.6
Fighting       | |  3.0

Action                   |  1- 3 |  4- 6 |  7- 9 | 10-12 || total
-------------------------+-------+-------+-------+-------++-------
Melee: Dagger            |    60 |    80 |   186 |   201 ||   527
       Rapier            |     3 |       |       |       ||     3
       Constrict         |    16 |    39 |    46 |    47 ||   148
       Tentacles         |    10 |    24 |    78 |   102 ||   214
       Short sword       |       |    77 |   127 |   150 ||   354
Throw: Dart              |       |       |       |     2 ||     2
Evoke: Wand              |       |       |     2 |     5 ||     7
  Use: Scroll            |       |    13 |     5 |    10 ||    28
       Potion            |       |       |       |     9 ||     9
 Stab: Sleeping          |    10 |    16 |    23 |    13 ||    62
       Distracted        |       |     1 |     2 |       ||     3
       Paralysed         |       |       |     4 |    15 ||    19
       Invisible         |       |       |       |     4 ||     4
  Eat: Chunk             |       |     8 |    12 |     9 ||    29
       Ration            |       |       |       |     2 ||     2
Armor: Skin              |     5 |     8 |     4 |    60 ||    77
Dodge: Dodged            |    15 |    73 |    97 |   139 ||   324
Block: Shield            |    17 |    80 |    49 |       ||   146
       Large shield      |       |       |    99 |   291 ||   390
